 Dungeon Crawl Stone Soup version 0.29.1-15-g9cfb28693d (webtiles) character file.

Game seed: 11183644140777982124

3245 skairaider the Fighter (level 9, -4/83 HPs)
             Began as a Minotaur Fighter on Mar 20, 2023.
             Was a Believer of Makhleb.
             Slain by Duvessa
             ... wielding a +4 short sword of speed
              (9 damage)
             ... on level 7 of the Dungeon on Mar 22, 2023.
             The game lasted 00:40:31 (10538 turns).

skairaider the Fighter (Minotaur Fighter)          Turns: 10538, Time: 00:40:31

Health: -4/83      AC: 15    Str: 25    XL:     9   Next: 67%
Magic:  8/8        EV:  7    Int: 10    God:    Makhleb [**....]
Gold:   297        SH:  8    Dex: 10    Spells: 8/8 levels left

rFire   x . .      SeeInvis .   g - +5 spear (venom)
rCold   + . .      Faith    .   r - +2 buckler
rNeg    . . .      Spirit   .   f - +1 plate armour
rPois   .          Reflect  .   (helmet restricted)
rElec   .          Harm     .   (no cloak)
rCorr   +          Rampage  .   (no gloves)
Will    .....                   (no boots)
Stlth   ..........              (no amulet)
HPRegen 0.23/turn               m - ring of Peomp {+Blink rF- rC+ Int+5}
MPRegen 0.11/turn               h - ring of resist corrosion

@: no status effects
A: horns 2, retaliatory headbutt
a: Renounce Religion, Evoke Blink, Minor Destruction


You were on level 7 of the Dungeon.
You worshipped Makhleb.
Makhleb was pleased with you.
You visited 1 branch of the dungeon, and saw 7 of its levels.
You also visited: Bailey.

You collected 297 gold pieces.

Inventory:

Hand Weapons
 a - a +0 war axe
 g - a +5 spear of venom (weapon)
 s - a +0 shortbow
Missiles
 i - 3 throwing nets (quivered)
Armour
 f - a +1 plate armour (worn)
 r - a +2 buckler (worn)
Jewellery
 h - a ring of resist corrosion (right hand)
 m - the ring of Peomp (left hand) {+Blink rF- rC+ Int+5}
   (You found it on level 2 of the Dungeon)

   [ring of protection from cold]

   Int:       It affects your intelligence (+5).
   rF:        It makes you vulnerable to fire.
   rC:        It protects you from cold.
   +Blink:    It lets you blink.
Wands
 e - a wand of mindburst (12)
 o - a wand of polymorph (13)
Scrolls
 d - 3 scrolls of identify
 k - 2 scrolls of magic mapping
 q - a scroll of immolation
Potions
 j - 2 potions of flight
 n - 2 potions of cancellation
 p - a potion of resistance


   Skills:
 + Level 9.0 Fighting
 - Level 8.5 Axes
 + Level 1.0(5.3) Polearms
 + Level 9.0 Armour
 + Level 9.0 Shields


You had 8 spell levels left.
You didn't know any spells.
Your spell library contained the following spells:

 Spells                   Type           Power      Damage    Failure   Level
 Necrotise                Necr           0%         1d4       99%         1
 Sandblast                Erth           0%         2d4       99%         1
 Ensorcelled Hibernation  Hex/Ice        0%         N/A       100%        2
 Passwall                 Tmut/Erth      0%         N/A       100%        2
 Stone Arrow              Conj/Erth      0%         3d7       100%        3
 Swiftness                Air            0%         N/A       100%        3
 Vampiric Draining        Necr           0%         2d6       100%        3
 Agony                    Necr           0%         N/A       100%        5


Dungeon Overview and Level Annotations

Branches:
Dungeon (7/15)             Temple (0/1) D:4          Bailey (visited)

Altars:
Dithmenos
Gozag
Makhleb
Okawaru
Qazlal
Ru
Sif Muna
Trog
Uskayaw
Xom
The Shining One

Shops:
D:7 [

Annotations:
D:5 1 runed translucent door, Theopeo's ghost, amateur OpBr
D:7 Duvessa


Innate Abilities, Weirdness & Mutations

You have a pair of horns on your head.
You reflexively headbutt those who attack you in melee.


Message History

Duvessa is lightly wounded.
Duvessa hits you with a +4 short sword of speed. x2
You closely miss Duvessa.
Duvessa is lightly wounded.
Duvessa hits you with a +4 short sword of speed!
Duvessa hits you but does no damage.
You hit Duvessa but do no damage.
Duvessa looks even sicker.
You headbutt Duvessa.
Duvessa is lightly wounded.
Duvessa hits you with a +4 short sword of speed!
You block Duvessa's attack.
You hit Duvessa but do no damage.
Duvessa looks as sick as possible!
Duvessa is lightly wounded.
You block Duvessa's attack.
Duvessa hits you with a +4 short sword of speed!
Okay, then.
Okay, then.
You hit Duvessa but do no damage.
Duvessa looks as sick as possible!
Your headbutt misses Duvessa.
Duvessa is lightly wounded.
You block Duvessa's attack.
Duvessa hits you with a +4 short sword of speed!
* * * LOW HITPOINT WARNING * * *
Okay, then.
Really read the scroll of poison?
Uppercase [Y]es or [N]o only, please.
Really read the scroll of poison?
The air fills with toxic fumes!
As you read the scroll of poison, it crumbles to dust.
Duvessa hits you but does no damage. You block Duvessa's attack.
You barely miss Duvessa. You headbutt Duvessa.
Duvessa is moderately wounded.
Duvessa hits you with a +4 short sword of speed.
* * * LOW HITPOINT WARNING * * *
Duvessa hits you with a +4 short sword of speed!
* * * LOW HITPOINT WARNING * * *
You puncture Duvessa!
Duvessa looks as sick as possible!
Duvessa is heavily wounded.
Duvessa hits you with a +4 short sword of speed!
You die...

#.....###'###'###########.≈≈#
#....§§§§§§§§§§§§§§§.......≈#
#)...§§§§§§§§§§§§§§§........#
######§§§§§§§§§§§§§§.........
#...§§§§§§§§§§§§§§§.........
#...#§§§§§§§§§§§§§§.........
#...#§§§§§§§§§§§§§§.........
#...#§§§§§§§§§§§§§§.........
#...#§§§§§§@§§§§§§§.........
#..[##§####e################
#.........§§§>.......
#........§§§§§.......
#.......§§§§§§§......
#......§§§§§§§§§....e
#####################


You could see Duvessa (berserk, fast, extremely poisoned).

Vanquished Creatures
  Pikel (D:7)
  Sigmund (D:2)
  A wyvern (D:7)
  A water moccasin (D:3)
  2 ice beasts
  2 sky beasts
  An orc warrior (D:7)
  A centaur (D:6)
  A phantom (D:7)
  A lemure (D:7)
  3 kobold brigands
  2 necrophages (D:5)
  2 scorpions (D:5)
  A bullfrog (D:6)
  2 gnoll sergeants
  Dowan (D:7)
  A vampire bat (D:4)
  5 hounds
  4 orc priests
  2 jellies
  A gnoll bouda (D:7)
  4 iguanas
  Jessica (D:2)
  4 orc wizards (D:7)
  Terence (D:2)
  22 gnolls
  8 adders
  A white imp (D:6)
  An ufetubus (D:7)
  2 worms
  3 dart slugs
  11 orcs
  2 endoplasms
  2 giant cockroaches
  9 goblins
  11 hobgoblins
  7 jackals
  20 kobolds
  6 quokkas
  6 ball pythons
  13 bats
  5 frilled lizards
  7 rats
182 creatures vanquished.

Notes
Turn   | Place    | Note
-------+----------+-------------------------------------------
     0 | D:1      | skairaider the Minotaur Fighter began the quest for the
                  | Orb.
     0 | D:1      | Reached XP level 1. HP: 19/19 MP: 0/0
   760 | D:1      | Reached XP level 2. HP: 27/27 MP: 1/1
  1496 | D:1      | Reached XP level 3. HP: 33/33 MP: 2/2
  1693 | D:2      | Noticed Jessica
  1698 | D:2      | Killed Jessica
  1824 | D:2      | Reached XP level 4. HP: 33/41 MP: 3/3
  1940 | D:2      | Noticed Sigmund
  2053 | D:2      | Killed Sigmund
  2054 | D:2      | Reached skill level 5 in Fighting
  2054 | D:2      | Reached skill level 5 in Armour
  2054 | D:2      | Reached skill level 5 in Shields
  2054 | D:2      | Reached XP level 5. HP: 48/48 MP: 4/4
  2054 | D:2      | Reached XP level 6. HP: 56/56 MP: 5/5
  2093 | D:2      | Identified the ring of Peomp {+Blink rF- rC+ Int+5}
  2108 | D:2      | Found a burning altar of Makhleb.
  2115 | D:2      | Noticed Terence
  2123 | D:2      | Killed Terence
  2456 | D:3      | Noticed a water moccasin
  2613 | D:3      | Found a shadowy altar of Dithmenos.
  2668 | D:3      | Killed a water moccasin
  2907 | D:3      | Reached skill level 5 in Axes
  3091 | D:3      | Found a burning altar of Makhleb.
  3117 | D:3      | Found a faded altar of an unknown god.
  3694 | D:4      | Noticed a +0 dagger
  3695 | D:4      | Noticed a +0 dagger
  3695 | D:4      | Noticed a +0 spear
  3695 | D:4      | Noticed a +0 falchion
  3696 | D:4      | Noticed a +0 short sword
  3696 | D:4      | Noticed a +0 spear
  3696 | D:4      | Noticed a +0 falchion
  3697 | D:4      | Noticed a +0 short sword
  3711 | D:4      | Found a hide-covered altar of Uskayaw.
  3773 | D:4      | Reached XP level 7. HP: 59/62 MP: 6/6
  3962 | D:4      | Found a glowing golden altar of the Shining One.
  4082 | D:4      | Found an opulent altar of Gozag.
  4092 | D:5      | Entered Level 5 of the Dungeon
  4578 | D:3      | Became a worshipper of Makhleb the Destroyer
  4644 | D:4      | Found a staircase to the Ecumenical Temple.
  5230 | D:5      | Found a runed translucent door.
  5234 | D:5      | Noticed Theopeo's ghost (amateur OpBr)
  5849 | D:5      | Found a bloodstained altar of Trog.
  5984 | D:5      | Reached XP level 8. HP: 66/71 MP: 7/7
  6326 | D:5      | Found a sacrificial altar of Ru.
  7501 | D:6      | Reached * piety under Makhleb
  7890 | D:6      | Found a shimmering altar of Xom.
  8014 | D:7      | Found a stormy altar of Qazlal.
  8552 | D:7      | Reached XP level 9. HP: 81/81 MP: 8/8
  8555 | D:7      | Found a flagged portal.
  8576 | Bailey   | Entered a bailey
  8630 | D:7      | Reached ** piety under Makhleb
  9076 | D:7      | Noticed Pikel
  9086 | D:7      | Killed Pikel
  9240 | D:7      | Found Esoraogra's Antique Armour Shoppe.
 10033 | D:7      | HP: 3/82 [poisoned by a gnoll]
 10341 | D:7      | Found an iron altar of Okawaru.
 10345 | D:7      | Found a shimmering blue altar of Sif Muna.
 10512 | D:7      | Noticed Dowan
 10523 | D:7      | Noticed Duvessa
 10526 | D:7      | Killed Dowan
 10527 | D:7      | Reached skill level 1 in Polearms
 10538 | D:7      | Slain by Duvessa

Illustrated notes

Levels and vault maps discovered:
D:1:      dpeg_arrival_subterranean_lakeside_camping, layout_loops_ring,
          grunt_decor_clamped
D:2:      layout_basic, basic_altar, uniq_terence, uniq_sigmund, uniq_jessica
D:3:      layout_rooms, lemuel_tele_altar, grunt_dithmenos_smoke,
          basic_ecumenical_altar
D:4:      layout_rooms, mainiacjoe_overflow_boulevard,
          nicolae_uskayaw_en_pointe, old_standard_altar,
          minmay_temple_entry_mini_moons, roderic_batcave
D:5:      layout_layer_cave, nicolae_ru_path_of_blood, bloody_trog,
          ebering_ghost_reflecting_pool
D:6:      layout_cave_pools, marbit_many_paths, kennysheep_decorative_pillar
D:7:      layout_gridville, nicolae_qazlal_general_emergency,
          gammafunk_temple_overflow_statue, serial_shops, shop, enter_bailey_4,
          uniq_pikel, uniq_duvessa

Skill      XL: |  1  2  3  4  5  6  7  8  9 |
---------------+----------------------------+-----
Shields        | 4 5 6 7 9 |  9.0
Armour         | 4 5 6 7 9 |  9.0
Fighting       | 4 5 6 7 9 |  9.0
Axes           | 3 4 5 6 7 8 |  8.5
Polearms       | 1 |  1.0

Action                   |  1- 3 |  4- 6 |  7- 9 || total
-------------------------+-------+-------+-------++-------
Melee: War axe           |    59 |    95 |   297 ||   451
       Headbutt          |     8 |    13 |    52 ||    73
       Spear             |       |       |    20 ||    20
 Abil: Evoke Blink       |       |       |     1 ||     1
  Use: Scroll            |       |     5 |    10 ||    15
       Potion            |       |     2 |     3 ||     5
Armor: Plate armour      |    41 |    80 |   258 ||   379
       Scale mail        |     4 |       |       ||     4
       Skin              |       |     5 |       ||     5
Dodge: Dodged            |    22 |    41 |   113 ||   176
Block: Buckler           |    11 |    30 |    99 ||   140
